 Dungeon Crawl Stone Soup version 0.22-a0-848-ge9e22a0 (webtiles) character file.

37 sking99 the Poker (level 3, -1/28 HPs)
             Began as a Merfolk Skald on July 26, 2018.
             Slain by a gnoll
             ... wielding a +0 flail
              (4 damage)
             ... on level 2 of the Dungeon.
             The game lasted 00:01:28 (1075 turns).

sking99 the Poker (Merfolk Skald)                   Turns: 1075, Time: 00:01:29

Health: -1/28      AC:  3    Str: 11    XL:     3   Next: 39%
Magic:  0/6        EV: 12    Int: 13    God:
Gold:   23         SH:  0    Dex: 13    Spells: 1/6 levels left

rFire    . . .     SeeInvis .   a - +0 spear
rCold    . . .     Gourm    .   (no shield)
rNeg     . . .     Faith    .   b - +0 leather armour
rPois    .         Spirit   .   (no helmet)
rElec    .         Reflect  .   (no cloak)
rCorr    .         Harm     .   (no gloves)
MR       .....                  (no boots)
Stlth    +.........             (no amulet)
HPRegen  0.09/turn              (no ring)
MPRegen  0.10/turn              (no ring)

@: infused (expiring)
A: change form in water, swift swim, stealthy swim
a: no special abilities


You were on level 2 of the Dungeon.
You were not hungry.

You visited 1 branch of the dungeon, and saw 2 of its levels.

You collected 23 gold pieces.

Inventory:

Hand Weapons
 a - a +0 spear (weapon)
Armour
 b - a +0 leather armour (worn)
Scrolls
 e - a scroll of magic mapping {unknown}
 f - a scroll of fog {unknown}
Comestibles
 c - 3 chunks of flesh
 d - 3 rations


   Skills:
 + Level 2.9 Fighting
 * Level 4.8 Polearms
 - Level 0.6 Armour
 - Level 2.6 Dodging
 - Level 2.0 Spellcasting
 - Level 3.2 Charms


You had one spell level left.
You knew the following spells:

 Your Spells              Type           Power        Failure   Level  Hunger
a - Infusion              Chrm           #...         9%          1    ##.....
b - Song of Slaying       Chrm           #.......     13%         2    ###....
c - Shroud of Golubria    Chrm/Tloc      #.........   26%         2    ###....

Your spell library contained the following spells:

 Spells                   Type           Power        Failure   Level  Hunger
 Regeneration             Chrm/Necr      #.........   45%         3    ####...
 Spectral Weapon          Hex/Chrm       #.......     45%         3    ####...


Dungeon Overview and Level Annotations

Branches:
Dungeon (2/15)

Altars:


Message History

You hit the gnoll.
The gnoll is moderately wounded.
The gnoll barely misses you.
You closely miss the gnoll.
The gnoll is moderately wounded.
The gnoll hits you.
* * * LOW HITPOINT WARNING * * *
You hit the gnoll.
The gnoll is severely wounded.
You hit the gnoll.
You kill the gnoll!
You hit the gnoll.
The gnoll is heavily wounded.
Your magical infusion is running out.
The gnoll hits you with a flail.
* * * LOW HITPOINT WARNING * * *
You hit the gnoll.
The gnoll is severely wounded.
The gnoll hits you with a flail.
You die...

##.##
#... #..#
#..#
#..######
#<.......
#g#######
#g# #@#
#.# #.#
#.# #.#
#.# #.#
#.#


You could see 2 gnolls.

Vanquished Creatures
  A gnoll (D:2)
  An ooze (D:1)
  A leopard gecko (D:1)
  2 ball pythons (D:1)
  3 bats (D:1)
  A giant cockroach (D:1)
  2 goblins (D:1)
  2 hobgoblins (D:1)
  3 jackals (D:1)
  3 kobolds (D:1)
  A rat (D:1)
20 creatures vanquished.

Notes
Turn   | Place    | Note
-------+----------+-------------------------------------------
     0 | D:1      | sking99 the Merfolk Skald began the quest for the Orb.
     0 | D:1      | Reached XP level 1. HP: 16/16 MP: 3/3
   225 | D:1      | Reached XP level 2. HP: 20/23 MP: 3/5
   418 | D:1      | Reached skill level 4 in Polearms
   614 | D:1      | Learned a level 2 spell: Song of Slaying
   617 | D:1      | Learned a level 2 spell: Shroud of Golubria
   890 | D:1      | Reached XP level 3. HP: 28/28 MP: 3/6
  1075 | D:2      | Slain by a gnoll

Vault maps used:
D:1:      lightli_arrival_boilingwater, st_stairs_7
D:2:      led_sif_pool

Skill      XL: |  1  2 |
---------------+-------+-----
Polearms       | 4 |  4.8
Fighting       | |  2.9
Armour         | |  0.6
Dodging        | |  2.6
Spellcasting   | |  2.0
Charms         | |  3.2

Action                   || total
-------------------------++-------
Melee: Spear             ||    71
 Cast: Infusion          ||     4
 Stab: Sleeping          ||     1
  Eat: Chunk             ||     1
Armor: Leather armour    ||    10
Dodge: Dodged            ||    31

Table legend:
 A = Spawn XP
 B = Non-spawn XP
 C = Spawn XP percentage of total XP
 D = Spawn monster count
 E = Non-spawn monster count
 F = Spawn count percentage of total count
 G = Total turns spent on level
                    A         B        C        D         E        F      G
               +---------+---------+-------+---------+---------+-------+---------
         Total |       0 |      53 |   0.0 |       0 |      20 |   0.0 |  1075
               +---------+---------+-------+---------+---------+-------+---------
           D:1 |       0 |      39 |   0.0 |       0 |      19 |   0.0 |  1062
           D:2 |       0 |      14 |   0.0 |       0 |       1 |   0.0 |    13
               +---------+---------+-------+---------+---------+-------+---------
